 Dungeon Crawl Stone Soup version 0.29-a0-659-g28b9d68c38 (webtiles) character file.

Game seed: 7219427326734945325

165 PentaManta the Shooter (level 5, 0/25 HPs)
             Began as a Spriggan Hunter on June 22, 2022.
             Succumbed to a scorpion's poison
             ... on level 3 of the Dungeon.
             The game lasted 00:04:43 (3292 turns).

PentaManta the Shooter (Spriggan Hunter)            Turns: 3292, Time: 00:04:44

Health: 0/25       AC:  2    Str:  7    XL:     5   Next: 22%
Magic:  6/6        EV: 18    Int: 10    God:
Gold:   165        SH:  0    Dex: 21    Spells: 4/4 levels left

rFire   . . .      SeeInvis +   a - +1 shortbow
rCold   . . .      Faith    .   (shield currently unavailable)
rNeg    . . .      Spirit   .   b - +0 robe
rPois   .          Reflect  .   (helmet restricted)
rElec   .          Harm     .   (no cloak)
rCorr   .          Rampage  .   (gloves unavailable)
Will    .....                   (boots unavailable)
Stlth   ++........              (no amulet)
HPRegen 0.08/turn               (no ring)
MPRegen 0.10/turn               (no ring)

@: brilliant, lethally poisoned (0 -> -4), invisible, very quick
A: very small, no large weapons, unfitting armour, see invisible, speed 3
a: no special abilities


You were on level 3 of the Dungeon.
You visited 1 branch of the dungeon, and saw 4 of its levels.

You collected 165 gold pieces.

Inventory:

Hand Weapons
 a - a +1 shortbow (weapon)
Armour
 b - a +0 robe (worn)
Wands
 v - a wand of iceblast (8)
 x - a wand of polymorph (1)
Scrolls
 c - a scroll of immolation
 d - a scroll of brand weapon {unknown}
 h - a scroll of fog {unknown}
 j - 2 scrolls of poison {unknown}
 l - 2 scrolls of identify {unknown}
 m - 2 scrolls of enchant weapon {unknown}
 n - a scroll of noise {unknown}
 p - 2 scrolls of amnesia {unknown}
 q - a scroll of teleportation {unknown}
 s - a scroll of torment {unknown}
 t - a scroll of enchant armour {unknown}
Potions
 e - a potion of flight {unknown}
 f - a potion of might {unknown}
 g - 2 potions of invisibility
 i - a potion of curing {unknown}
 k - a potion of heal wounds {unknown}
 o - a potion of cancellation {unknown}
 r - a potion of brilliance
 u - a potion of mutation {unknown}
 w - a potion of ambrosia {unknown}


   Skills:
 - Level 1.5 Fighting
 + Level 7.9 Bows
 - Level 2.6 Dodging
 - Level 1.5 Stealth


You had 4 spell levels left.
You didn't know any spells.
Your spell library contained the following spells:

 Spells                   Type           Power      Damage    Failure   Level
 Freeze                   Ice            0%         1d3       36%         1
 Frozen Ramparts          Ice            0%         1d2       75%         3
 Hailstorm                Conj/Ice       0%         3d3       98%         4


Dungeon Overview and Level Annotations

Branches:
Dungeon (4/15)
 Temple: D:4-7

Altars:

Shops:
D:4 *:


Innate Abilities, Weirdness & Mutations

You are very small and have problems with some larger weapons.
You are too small for most types of armour.
You have supernaturally acute eyesight. (SInv)
You cover ground extremely quickly. (Speed+++)


Message History

Done exploring.
Done exploring.
There is a stone staircase leading down here.
You climb downwards.
There is a stone staircase leading up here.
You shoot an arrow. The arrow hits the endoplasm!
You kill the endoplasm!
The endoplasm quivers.
You shoot an arrow. The arrow hits the endoplasm.
You kill the endoplasm!
An endoplasm comes into view.
You shoot an arrow. The arrow hits the scorpion.
The scorpion is lightly wounded.
The scorpion barely misses you.
You shoot an arrow. The arrow closely misses the scorpion.
The endoplasm misses you. The scorpion stings you.
You shoot an arrow. The arrow hits the scorpion!
The scorpion is severely wounded.
The scorpion completely misses you. The endoplasm closely misses you.
The scorpion stings you! The endoplasm hits you. The scorpion stings you.
You are lethally poisoned!
The scorpion poisons you!
You climb upwards.
* * * LOW HITPOINT WARNING * * *
You feel very sick.
There is a stone staircase leading down here.
* * * LOW HITPOINT WARNING * * *
You feel sick.
* * * LOW HITPOINT WARNING * * *
You feel sick.
* * * LOW HITPOINT WARNING * * *
You feel sick.
It was a potion of invisibility.
You fade into invisibility!
* * * LOW HITPOINT WARNING * * *
You feel sick. The endoplasm closely misses you.
Unknown command.
It was a potion of brilliance.
You feel clever all of a sudden.
You die...

##.........###.. #########
#............... ........#
#..####.##.#####
#######.##########..####.##.#####
#.........##)......##......
#########.##..#######.###..
#.##..#######.# #.# #######
######.##.>........# #.#
......####......@Js......>..###.#
......##.....##.##...###.#......#
...)..##.............# #.##.###.#
.............######..# #.##.# #..
...).###.....# #..###.##.#####
.....# #.....# #.......†...#
.....#######.# #...##......###
###...## #.# #...###........
##.....## #.# #...###.#...###


You could see a scorpion (can't see you) and an endoplasm.

Vanquished Creatures
  Ijyb (D:3)
  4 gnolls (D:3)
  3 adders
  A worm (D:2)
  A dart slug (D:1)
  5 orcs (D:3)
  9 endoplasms
  A giant cockroach (D:3)
  5 goblins
  10 hobgoblins
  3 quokkas
  4 ball pythons
  6 bats
  7 frilled lizards
  3 kobolds
  A rat (D:2)
64 creatures vanquished.

Notes
Turn   | Place    | Note
-------+----------+-------------------------------------------
     0 | D:1      | PentaManta the Spriggan Hunter began the quest for the Orb.
     0 | D:1      | Reached XP level 1. HP: 10/10 MP: 2/2
    94 | D:1      | Reached skill level 5 in Bows
   122 | D:1      | Found a faded altar of an unknown god.
   345 | D:1      | Reached XP level 2. HP: 14/14 MP: 3/3
   777 | D:1      | Reached skill level 6 in Bows
  1002 | D:2      | Reached XP level 3. HP: 18/18 MP: 4/4
  1765 | D:3      | Reached XP level 4. HP: 22/22 MP: 5/5
  1781 | D:3      | Reached skill level 7 in Bows
  2183 | D:3      | Noticed Ijyb
  2196 | D:4      | Noticed a scorpion
  2196 | D:4      | Found Bowegg's Book Shoppe.
  2196 | D:4      | Found Cunistapot's Assorted Antiques.
  2285 | D:3      | HP: 1/22 [Ijyb/+7 club (3)]
  2940 | D:3      | Reached XP level 5. HP: 25/25 MP: 6/6
  3038 | D:3      | Killed Ijyb
  3291 | D:3      | HP: 1/25 [poisoned by a scorpion]
  3292 | D:3      | Succumbed to a scorpion's poison

Illustrated notes

Levels and vault maps discovered:
D:1:      dpeg_arrival_tiny_k, layout_loops_corners, basic_ecumenical_altar,
          kennysheep_small_spiral
D:2:      wad_pebble_path, layout_loops_ring, serial_bayou_ford_a
D:3:      layout_loops_ring, uniq_ijyb
D:4:      layout_rooms, serial_shops, shop, shop, shop, shop,
          nicolae_shop_overgrown_old_shop, uniq_blork_the_orc, uniq_menkaure

Skill      XL: |  1  2  3  4 |
---------------+-------------+-----
Bows           | 5 6 7 |  7.9
Fighting       | |  1.5
Dodging        | |  2.6
Stealth        | |  1.5

Action                   |  1- 3 |  4- 6 || total
-------------------------+-------+-------++-------
Melee: Unarmed           |       |    43 ||    43
 Fire: Shortbow          |    87 |    61 ||   148
  Use: Potion            |       |     2 ||     2
Armor: Robe              |     2 |     3 ||     5
       Skin              |       |     4 ||     4
Dodge: Dodged            |     4 |    41 ||    45

Table legend: (Time is in decaauts)
 A = Elapsed time spent in this place.
 B = Non-inter-level travel time spent in this place.
 C = Inter-level travel time spent in this place.
 D = Time resting spent in this place.
 E = Time spent auto-exploring this place.
 F = Levels seen in this place.
 G = Mean time per level.
                   A        B        C        D        E       F      G
               +--------+--------+--------+--------+--------+-----+--------+
         Total |   2448 |   2403 |     45 |    569 |   1389 |   4 |  612.0 |
       Dungeon |   2448 |   2403 |     45 |    569 |   1389 |   4 |  612.0 |
               +--------+--------+--------+--------+--------+-----+--------+

Top non-repeatable levels by time:
     D:3: 1111 daAuts
     D:1: 668 daAuts
     D:2: 655 daAuts
     D:4: 13 daAuts
